General information
- name: BNet
- type: Ladder team game (AT/RT)
- host: Battle.net
- saver: PauperIsKing
map: Deadlands
- players: 8
- length: 64:21
- speed: Fast
- version: 1.26 W3XP
- replay type: Public
» download(309 KB)
Players
team 1 (loser)
olympicman (
pink | 37 APM | 2149 actions | 58:27)
6 Blademaster
3 Wind Walk
2 Critical Strike
1 Bladestorm
5 Shadow Hunter
3 Healing Wave
2 Hex
3 Tauren Chieftain
2 Endurance Aura
1 War Stomp
» actions
| Assign group hotkey | 35 | |
| Build / train | 101 | |
| Enter build submenu | 38 | |
| Enter hero's abilities submenu | 14 | |
| Give item / drop item | 5 | |
| Right click | 777 | |
| Select / deselect | 437 | |
| Select group hotkey | 459 | |
| Use ability | 283 | |
2149 total
» units
| Peon | 42 | |
| Grunt | 6 | |
| Goblin Shredder | 2 | |
| Fel Beast | 1 | |
| Draenei Darkslayer | 1 | |
| Draenei Disciple | 1 | |
| Troll Batrider | 17 | |
70 total
» upgrades
| Pillage | 1 | |
| Spiked Barricades | 1 | |
| Reinforced Defenses | 1 | |
| Liquid Fire | 1 | |
| Ranged Weapons | 1 | |
5 total
» buildings
| Orc Burrow | 12 | |
| Altar of Storms | 1 | |
| Barracks | 1 | |
| Voodoo Lounge | 1 | |
| Stronghold | 1 | |
| War Mill | 2 | |
| Watch Tower | 14 | |
| Great Hall | 3 | |
| Fortress | 1 | |
| Beastiary | 4 | |
40 total
» build order
00:07 Orc Burrow
00:11 Altar of Storms
00:32 Barracks
01:45 Orc Burrow
01:58 Voodoo Lounge
02:13 Orc Burrow
04:35 Stronghold
04:38 War Mill
06:08 Watch Tower
07:59 Great Hall
08:04 Watch Tower
08:46 Watch Tower
08:49 Watch Tower
08:53 Watch Tower
08:55 Watch Tower
09:21 Orc Burrow
09:43 Fortress
09:57 Watch Tower
10:00 Watch Tower
10:04 Beastiary
10:09 Beastiary
10:15 Beastiary
10:24 Watch Tower
11:23 Beastiary
11:27 Watch Tower
11:30 Watch Tower
11:32 Watch Tower
12:11 Watch Tower
15:57 War Mill
17:58 Orc Burrow
18:01 Orc Burrow
21:00 Orc Burrow
21:03 Orc Burrow
21:09 Orc Burrow
24:37 Watch Tower
27:39 Great Hall
28:42 Great Hall
32:37 Orc Burrow
32:59 Orc Burrow
33:32 Orc Burrow
» items
| Healing Salve | 3 | |
| Scroll of Speed | 1 | |
| Lesser Clarity Potion | 2 | |
| Orb of Lightning | 1 | |
7 total
TheJew (
orange | 89 APM | 5755 actions | 64:19)
7 Archmage
3 Summon Water Elemental
3 Brilliance Aura
1 Mass Teleport
6 Mountain King
3 Storm Bolt
3 Bash
» actions
| Assign group hotkey | 121 | |
| Basic commands | 400 | |
| Build / train | 191 | |
| Enter build submenu | 59 | |
| Enter hero's abilities submenu | 13 | |
| Give item / drop item | 6 | |
| Right click | 1689 | |
| Select / deselect | 431 | |
| Select group hotkey | 2554 | |
| Use ability | 291 | |
5755 total
» units
| Peasant | 19 | |
| Footman | 4 | |
| Dragonhawk Rider | 6 | |
| Gryphon Rider | 4 | |
| Goblin Sapper | 4 | |
| Goblin Zeppelin | 2 | |
| Goblin Shredder | 3 | |
42 total
» upgrades
| Swords | 3 | |
| Masonry | 3 | |
| Animal War Training | 1 | |
| Armor | 3 | |
| Cloud | 1 | |
| Storm Hammers | 1 | |
| Plating | 1 | |
| Gunpowder | 1 | |
| Long Rifles | 1 | |
| Defend | 1 | |
| Lumber Harvesting | 1 | |
17 total
» buildings
| Altar of Kings | 1 | |
| Barracks | 1 | |
| Farm | 11 | |
| Arcane Vault | 1 | |
| Blacksmith | 1 | |
| Lumber Mill | 1 | |
| Keep | 3 | |
| Town Hall | 7 | |
| Scout Tower | 38 | |
| Guard Tower | 61 | |
| Castle | 3 | |
| Gryphon Aviary | 4 | |
| Arcane Tower | 4 | |
136 total
» build order
01:04 Altar of Kings
01:09 Barracks
01:13 Farm
01:19 Farm
01:24 Farm
01:55 Arcane Vault
02:11 Farm
02:42 Blacksmith
03:54 Lumber Mill
04:13 Keep
04:13 Keep
04:13 Keep
04:42 Town Hall
04:45 Scout Tower
04:45 Scout Tower
04:47 Scout Tower
04:48 Scout Tower
05:27 Guard Tower
05:27 Guard Tower
05:36 Guard Tower
05:37 Guard Tower
05:47 Guard Tower
05:47 Guard Tower
05:47 Guard Tower
06:06 Guard Tower
06:07 Guard Tower
06:14 Scout Tower
06:15 Scout Tower
06:44 Guard Tower
06:45 Guard Tower
08:06 Castle
08:07 Castle
10:50 Gryphon Aviary
10:51 Gryphon Aviary
10:52 Gryphon Aviary
11:01 Gryphon Aviary
12:28 Scout Tower
12:28 Scout Tower
12:29 Scout Tower
12:30 Scout Tower
12:31 Scout Tower
12:39 Scout Tower
12:40 Scout Tower
13:09 Farm
13:10 Farm
14:18 Guard Tower
14:19 Guard Tower
14:19 Guard Tower
17:16 Farm
17:17 Farm
17:18 Farm
19:41 Town Hall
20:13 Farm
20:15 Farm
20:57 Scout Tower
20:57 Scout Tower
20:58 Scout Tower
20:59 Scout Tower
20:59 Scout Tower
21:24 Guard Tower
21:25 Guard Tower
21:25 Guard Tower
21:26 Guard Tower
21:26 Guard Tower
21:28 Guard Tower
21:28 Guard Tower
21:31 Guard Tower
21:31 Guard Tower
21:32 Guard Tower
21:32 Guard Tower
21:32 Guard Tower
26:06 Town Hall
26:12 Scout Tower
26:13 Scout Tower
26:13 Scout Tower
26:14 Scout Tower
26:46 Guard Tower
26:46 Guard Tower
26:47 Guard Tower
26:48 Scout Tower
26:48 Scout Tower
26:49 Scout Tower
26:49 Scout Tower
26:50 Scout Tower
26:52 Scout Tower
27:26 Guard Tower
27:27 Guard Tower
27:37 Guard Tower
27:37 Guard Tower
27:53 Guard Tower
27:53 Guard Tower
27:53 Guard Tower
27:57 Scout Tower
29:06 Arcane Tower
29:06 Arcane Tower
29:42 Town Hall
29:46 Scout Tower
29:48 Scout Tower
29:50 Scout Tower
29:59 Scout Tower
30:00 Scout Tower
30:01 Scout Tower
30:02 Scout Tower
30:03 Scout Tower
30:04 Scout Tower
30:24 Guard Tower
30:24 Guard Tower
30:25 Guard Tower
30:26 Guard Tower
30:27 Guard Tower
30:27 Guard Tower
30:53 Guard Tower
30:53 Guard Tower
32:25 Guard Tower
32:25 Guard Tower
32:25 Guard Tower
54:41 Town Hall
55:31 Town Hall
61:58 Town Hall
» items
| Mechanical Critter | 3 | |
| Scroll of Regeneration | 3 | |
| Periapt of Vitality | 5 | |
| Staff of Teleportation | 2 | |
| Boots of Speed | 1 | |
| Lesser Clarity Potion | 1 | |
| Staff of Sanctuary | 1 | |
| Scroll of Town Portal | 3 | |
19 total
fabiorb (
teal | 24 APM | 1521 actions | 63:33)
5 Mountain King
3 Storm Bolt
2 Bash
» actions
| Assign group hotkey | 26 | |
| Build / train | 66 | |
| Enter build submenu | 33 | |
| Enter hero's abilities submenu | 5 | |
| Remove unit from queue | 1 | |
| Right click | 518 | |
| Select / deselect | 326 | |
| Select group hotkey | 501 | |
| Use ability | 45 | |
1521 total
» units
| Peasant | 15 | |
| Footman | 3 | |
| Rifleman | 12 | |
| Spell Breaker | 4 | |
| Sorceress | 5 | |
39 total
» upgrades
| Gunpowder | 2 | |
| Lumber Harvesting | 2 | |
| Long Rifles | 1 | |
| Masonry | 1 | |
| Armor | 1 | |
7 total
» buildings
| Altar of Kings | 1 | |
| Farm | 9 | |
| Barracks | 2 | |
| Lumber Mill | 1 | |
| Arcane Vault | 1 | |
| Blacksmith | 1 | |
| Scout Tower | 7 | |
| Guard Tower | 7 | |
| Keep | 1 | |
| Town Hall | 3 | |
| Arcane Sanctum | 1 | |
| Castle | 1 | |
35 total
» build order
00:08 Altar of Kings
00:13 Farm
00:41 Barracks
01:20 Farm
01:40 Lumber Mill
02:38 Farm
03:25 Arcane Vault
03:30 Blacksmith
03:46 Scout Tower
04:20 Guard Tower
04:23 Farm
05:24 Barracks
05:28 Farm
05:39 Keep
07:01 Town Hall
07:19 Scout Tower
07:50 Guard Tower
07:56 Farm
08:00 Farm
08:44 Arcane Sanctum
08:58 Scout Tower
09:29 Guard Tower
10:08 Farm
11:08 Castle
11:22 Scout Tower
11:59 Guard Tower
12:03 Farm
12:08 Scout Tower
12:47 Guard Tower
16:12 Scout Tower
17:07 Town Hall
17:25 Guard Tower
21:23 Scout Tower
23:19 Guard Tower
27:29 Town Hall
» items
| Scroll of Regeneration | 1 | |
| Scroll of Town Portal | 1 | |
| Scroll of Speed | 1 | |
| Orb of Lightning | 1 | |
4 total
Tterb (
red | 20 APM | 1309 actions | 63:56)
6 Blademaster
3 Wind Walk
2 Critical Strike
1 Bladestorm
» actions
| Assign group hotkey | 17 | |
| Basic commands | 5 | |
| Build / train | 67 | |
| Enter build submenu | 19 | |
| Enter hero's abilities submenu | 6 | |
| Give item / drop item | 5 | |
| Remove unit from queue | 2 | |
| Right click | 850 | |
| Select / deselect | 242 | |
| Select group hotkey | 23 | |
| Use ability | 73 | |
1309 total
» units
| Peon | 11 | |
| Grunt | 5 | |
| Wind Rider | 9 | |
| Troll Batrider | 13 | |
38 total
» upgrades
| Ranged Weapons | 3 | |
| Armor | 3 | |
| Spiked Barricades | 1 | |
| Envenomed Spears | 1 | |
| Reinforced Defenses | 1 | |
| Liquid Fire | 1 | |
10 total
» buildings
| Altar of Storms | 1 | |
| Orc Burrow | 9 | |
| Barracks | 1 | |
| Voodoo Lounge | 1 | |
| War Mill | 2 | |
| Stronghold | 2 | |
| Watch Tower | 3 | |
| Beastiary | 2 | |
| Fortress | 1 | |
| Great Hall | 2 | |
24 total
» build order
00:09 Altar of Storms
00:15 Orc Burrow
00:54 Barracks
01:37 Voodoo Lounge
01:57 War Mill
02:17 Orc Burrow
03:23 Orc Burrow
04:23 Stronghold
04:23 Stronghold
04:58 Watch Tower
05:00 Watch Tower
05:02 Watch Tower
06:46 Beastiary
06:52 Beastiary
08:00 Fortress
11:42 Orc Burrow
11:46 Orc Burrow
11:51 Orc Burrow
14:00 War Mill
19:51 Orc Burrow
19:52 Orc Burrow
21:33 Great Hall
24:37 Great Hall
32:42 Orc Burrow
» items
| Healing Salve | 1 | |
| Lesser Clarity Potion | 1 | |
| Scroll of Speed | 1 | |
| Boots of Speed | 1 | |
| Orb of Fire | 1 | |
| Scroll of Town Portal | 2 | |
7 total
team 2 (winner)
PauperIsKing (
yellow | 48 APM | 3103 actions | 64:21)
10 Archmage
3 Summon Water Elemental
3 Brilliance Aura
1 Mass Teleport
3 Blizzard
» actions
| Assign group hotkey | 84 | |
| Basic commands | 109 | |
| Build / train | 134 | |
| Enter build submenu | 55 | |
| Enter hero's abilities submenu | 11 | |
| Give item / drop item | 3 | |
| Remove unit from queue | 1 | |
| Right click | 1104 | |
| Select / deselect | 666 | |
| Select group hotkey | 684 | |
| Use ability | 252 | |
3103 total
» units
| Peasant | 14 | |
| Footman | 4 | |
| Goblin Shredder | 1 | |
| Gryphon Rider | 11 | |
| Goblin Sapper | 1 | |
| Dragonhawk Rider | 10 | |
| Goblin Zeppelin | 1 | |
| Mortar Team | 5 | |
| Siege Engine | 3 | |
50 total
» upgrades
| Masonry | 3 | |
| Swords | 3 | |
| Armor | 3 | |
| Animal War Training | 1 | |
| Storm Hammers | 1 | |
| Cloud | 1 | |
| Magic Sentry | 1 | |
| Gunpowder | 3 | |
| Plating | 3 | |
| Fragmentation Shards | 1 | |
| Barrage | 1 | |
| Flare | 1 | |
| Priest Training | 2 | |
| Control Magic | 1 | |
| Sorceress Training | 2 | |
| Lumber Harvesting | 2 | |
| Backpack | 1 | |
| Long Rifles | 1 | |
| Defend | 1 | |
| Flying Machine Bombs | 1 | |
| Flak Cannons | 1 | |
34 total
» buildings
| Altar of Kings | 2 | |
| Barracks | 2 | |
| Farm | 6 | |
| Lumber Mill | 1 | |
| Keep | 1 | |
| Town Hall | 3 | |
| Scout Tower | 38 | |
| Arcane Vault | 2 | |
| Guard Tower | 11 | |
| Castle | 1 | |
| Gryphon Aviary | 4 | |
| Blacksmith | 2 | |
| Arcane Sanctum | 1 | |
| Workshop | 4 | |
78 total
» build order
00:37 Altar of Kings
00:38 Barracks
00:50 Altar of Kings
00:51 Barracks
00:53 Farm
00:53 Farm
01:05 Farm
01:40 Farm
03:01 Lumber Mill
03:45 Keep
04:12 Town Hall
04:16 Scout Tower
04:16 Scout Tower
04:17 Scout Tower
04:18 Scout Tower
04:56 Arcane Vault
05:08 Guard Tower
06:17 Castle
06:57 Arcane Vault
07:03 Scout Tower
07:03 Scout Tower
07:05 Scout Tower
07:05 Scout Tower
07:06 Scout Tower
07:06 Scout Tower
08:22 Guard Tower
08:30 Gryphon Aviary
08:30 Gryphon Aviary
08:31 Gryphon Aviary
09:06 Gryphon Aviary
09:08 Blacksmith
09:11 Blacksmith
09:56 Farm
18:13 Scout Tower
18:14 Scout Tower
18:15 Scout Tower
18:16 Scout Tower
18:17 Scout Tower
18:17 Scout Tower
18:19 Scout Tower
18:20 Scout Tower
18:20 Scout Tower
18:22 Scout Tower
18:22 Scout Tower
19:45 Guard Tower
19:49 Guard Tower
21:24 Guard Tower
22:50 Arcane Sanctum
27:44 Workshop
27:44 Workshop
27:45 Workshop
27:46 Workshop
28:35 Farm
34:02 Scout Tower
34:02 Scout Tower
34:03 Scout Tower
34:42 Guard Tower
34:45 Town Hall
34:51 Scout Tower
34:52 Scout Tower
34:52 Scout Tower
34:53 Scout Tower
34:54 Scout Tower
34:55 Scout Tower
36:52 Guard Tower
37:29 Town Hall
37:32 Scout Tower
37:33 Scout Tower
37:33 Scout Tower
37:33 Scout Tower
37:35 Scout Tower
37:35 Scout Tower
37:36 Scout Tower
37:36 Scout Tower
38:06 Guard Tower
38:36 Guard Tower
38:54 Guard Tower
40:38 Guard Tower
» items
| Scroll of Regeneration | 7 | |
| Mechanical Critter | 5 | |
| Potion of Healing | 4 | |
| Scroll of Town Portal | 4 | |
| Staff of Sanctuary | 1 | |
| Orb of Corruption | 1 | |
| Scroll of Healing | 1 | |
| Anti-magic Potion | 1 | |
| Staff of Teleportation | 1 | |
25 total

»
iamnoobkillme (
purple | 58 APM | 2747 actions | 47:43)
5 Demon Hunter
3 Evasion
2 Mana Burn
1 Archmage
1 Brilliance Aura
» actions
| Assign group hotkey | 23 | |
| Basic commands | 10 | |
| Build / train | 76 | |
| Enter build submenu | 32 | |
| Enter hero's abilities submenu | 6 | |
| Give item / drop item | 3 | |
| Remove unit from queue | 4 | |
| Right click | 1438 | |
| Select / deselect | 403 | |
| Select group hotkey | 647 | |
| Use ability | 105 | |
2747 total
» units
| Wisp | 21 | |
| Chimaera | 5 | |
| Hippogryph | 10 | |
36 total
» upgrades
| Strength of the Wild | 2 | |
| Reinforced Hides | 1 | |
| Corrosive Breath | 1 | |
| Nature's Blessing | 1 | |
| Well Spring | 1 | |
| Ultravision | 1 | |
| Backpack | 1 | |
8 total
» buildings
| Altar of Elders | 2 | |
| Moon Well | 7 | |
| Ancient of War | 1 | |
| Ancient of Wonders | 1 | |
| Hunter's Hall | 1 | |
| Ancient Protector | 3 | |
| Tree of Ages | 1 | |
| Tree of Eternity | 1 | |
| Ancient of Wind | 4 | |
| Chimaera Roost | 3 | |
| Tree of Life | 3 | |
| Town Hall | 1 | |
28 total
» build order
00:17 Altar of Elders
00:29 Moon Well
01:59 Moon Well
02:14 Ancient of War
02:28 Ancient of Wonders
02:42 Hunter's Hall
02:56 Moon Well
03:48 Ancient Protector
04:29 Ancient Protector
04:40 Ancient Protector
05:05 Tree of Ages
07:23 Moon Well
07:30 Tree of Eternity
07:36 Ancient of Wind
07:43 Ancient of Wind
08:56 Ancient of Wind
09:12 Moon Well
09:58 Chimaera Roost
10:04 Chimaera Roost
10:13 Chimaera Roost
14:25 Ancient of Wind
18:46 Moon Well
31:00 Altar of Elders
32:24 Moon Well
36:10 Tree of Life
44:07 Tree of Life
44:34 Town Hall
47:23 Tree of Life
» items
| Dust of Appearance | 2 | |
| Staff of Teleportation | 2 | |
| Boots of Speed | 2 | |
| Scroll of Town Portal | 4 | |
| Anti-magic Potion | 2 | |
| Orb of Venom | 1 | |
| Staff of Preservation | 2 | |
| Potion of Healing | 2 | |
| Potion of Lesser Invulnerability | 1 | |
| Potion of Invisibility | 1 | |
19 total

»
fieldwork (
blue | 54 APM | 1041 actions | 19:08)
2 Dreadlord
1 Sleep
1 Vampiric Aura
1 Death Knight
1 Death Coil
» actions
| Assign group hotkey | 17 | |
| Build / train | 37 | |
| Enter build submenu | 12 | |
| Enter hero's abilities submenu | 3 | |
| Give item / drop item | 5 | |
| Remove unit from queue | 1 | |
| Right click | 383 | |
| Select / deselect | 197 | |
| Select group hotkey | 337 | |
| Use ability | 49 | |
1041 total
» units
| Acolyte | 2 | |
| Ghoul | 8 | |
| Gargoyle | 6 | |
| Crypt Fiend | 2 | |
18 total
» upgrades
| Cannibalize | 1 | |
| Creature Carapace | 1 | |
| Stone Form | 1 | |
| Ghoul Frenzy | 1 | |
| Creature Attack | 1 | |
| Web | 1 | |
6 total
» buildings
| Crypt | 3 | |
| Ziggurat | 6 | |
| Altar of Darkness | 1 | |
| Tomb of Relics | 1 | |
| Halls of the Dead | 1 | |
| Graveyard | 1 | |
| Black Citadel | 1 | |
| Nerubian Tower | 1 | |
15 total
» build order
00:09 Crypt
00:15 Ziggurat
00:51 Altar of Darkness
01:07 Ziggurat
01:12 Tomb of Relics
02:47 Halls of the Dead
03:30 Graveyard
05:17 Black Citadel
05:38 Ziggurat
05:39 Ziggurat
07:08 Crypt
07:12 Crypt
09:52 Nerubian Tower
11:24 Ziggurat
11:25 Ziggurat
» items
| Rod of Necromancy | 1 | |
| Potion of Healing | 2 | |
| Dust of Appearance | 1 | |
4 total
ahshetaka (
green | 23 APM | 645 actions | 27:47)
4 Archmage
2 Summon Water Elemental
1 Blizzard
1 Brilliance Aura
2 Mountain King
1 Storm Bolt
1 Bash
» actions
| Basic commands | 4 | |
| Build / train | 92 | |
| Enter build submenu | 25 | |
| Enter hero's abilities submenu | 6 | |
| Right click | 166 | |
| Select / deselect | 297 | |
| Use ability | 55 | |
645 total
» units
| Peasant | 17 | |
| Footman | 8 | |
| Rifleman | 7 | |
| Priest | 5 | |
| Spell Breaker | 3 | |
| Mortar Team | 2 | |
| Sorceress | 1 | |
| Knight | 5 | |
| Siege Engine | 2 | |
50 total
» upgrades
| Masonry | 3 | |
| Swords | 2 | |
| Lumber Harvesting | 1 | |
| Gunpowder | 3 | |
| Plating | 3 | |
| Long Rifles | 1 | |
| Armor | 4 | |
| Magic Sentry | 1 | |
| Priest Training | 1 | |
| Sorceress Training | 1 | |
| Control Magic | 1 | |
| Animal War Training | 1 | |
| Barrage | 1 | |
23 total
» buildings
| Altar of Kings | 1 | |
| Farm | 8 | |
| Barracks | 1 | |
| Lumber Mill | 1 | |
| Scout Tower | 9 | |
| Guard Tower | 7 | |
| Keep | 1 | |
| Blacksmith | 1 | |
| Arcane Vault | 1 | |
| Arcane Sanctum | 1 | |
| Workshop | 1 | |
| Arcane Tower | 1 | |
| Castle | 1 | |
| Town Hall | 1 | |
| Cannon Tower | 1 | |
36 total
» build order
00:32 Altar of Kings
00:47 Farm
01:03 Barracks
01:34 Farm
01:43 Lumber Mill
02:01 Scout Tower
02:21 Farm
02:51 Scout Tower
02:57 Guard Tower
03:22 Keep
03:31 Farm
03:41 Guard Tower
04:04 Blacksmith
04:23 Farm
05:09 Scout Tower
05:32 Arcane Vault
06:15 Guard Tower
07:22 Arcane Sanctum
08:30 Farm
09:23 Farm
10:41 Scout Tower
11:24 Workshop
11:28 Arcane Tower
13:36 Farm
14:44 Castle
15:26 Town Hall
15:32 Scout Tower
17:15 Guard Tower
17:20 Scout Tower
17:57 Guard Tower
18:01 Scout Tower
19:19 Cannon Tower
19:48 Scout Tower
21:35 Guard Tower
21:38 Scout Tower
23:02 Guard Tower
Chat log
(05:56 / Allies) PauperIsKing: you taking shred green
(06:11 / Allies) PauperIsKing: y or n
(08:17 / Allies) fieldwork: gold pls
(08:30 / Allies) fieldwork: yellow?
(08:43 / Allies) PauperIsKing: about to pump griffs
(09:01 / Allies) fieldwork: you will make enough back dude
(09:17 / Allies) fieldwork: tx
(09:38 / All) fieldwork: come
(10:28 / Allies) fieldwork: they have 4 there
(10:34 / Allies) PauperIsKing: got a sapper coming
(10:35 / Allies) PauperIsKing: wait a sec
(11:02 / Allies) fieldwork: good decoy purple
(12:07 / Allies) PauperIsKing: wasn't watching lawl
(12:39 / Allies) fieldwork: where is your pally?
(13:14 / All) PauperIsKing: I got level 3 arcane by mistake lawl
(13:36 / Allies) fieldwork: two mks and two bms sucks for a hero
(14:08 / Allies) fieldwork: 3k gold seriously?
(14:25 / Allies) fieldwork: gg
(14:28 / Allies) fieldwork: yellow 3k gold
(14:29 / Allies) PauperIsKing: b up
(14:30 / Allies) fieldwork: useless
(15:30 / All) fabiorb: gg
(16:54 / Allies) fieldwork: use your fucking gold or share it
(17:13 / Allies) PauperIsKing: stop whinging and looking to shift blame
(17:37 / Allies) PauperIsKing: how aut expo
(19:27 / All) PauperIsKing: he unsummoned and suicided because I did'nt share gold lol
(19:40 / All) fabiorb: lol
(19:42 / All) fabiorb: it happens
(22:36 / All) PauperIsKing: bats take skill
(23:49 / Allies) PauperIsKing: b
(24:07 / Allies) PauperIsKing: b
(24:11 / All) TheJew: dumbass noob elf
(24:37 / All) TheJew: Teal is a dumb whiner noob
(24:49 / All) fabiorb: orange is tking
(24:54 / All) fabiorb: if u play with him
(24:56 / All) fabiorb: tk right away
(24:58 / All) TheJew: who thinks he's way better than he is
(25:15 / All) fabiorb: orange is a whiny bnitch
(25:19 / All) fabiorb: just ebcause i didnt help with his expo
(25:22 / All) fabiorb: he's tking me
(25:25 / All) fabiorb: whata fucking bitch
(25:25 / All) TheJew: No
(25:29 / All) TheJew: you've been whiny all game
(25:32 / All) TheJew: and neve shut the fuck up
(25:42 / All) TheJew: think you are better than eveyone else on this team when you are some 40 apm clown
(26:14 / All) fabiorb: if u play with orange
(26:17 / All) fabiorb: tk right away
(26:20 / All) fabiorb: he bitched the whole game
(26:24 / All) fabiorb: because i didnt save his expo
(26:30 / All) fabiorb: because i was attacking blue
(26:32 / All) TheJew: You bitched the whole game little bitch boy
(26:33 / All) fabiorb: what a faggot
(26:34 / All) TheJew: not me
(26:34 / All) fabiorb: whiny bitch
(26:38 / All) TheJew: I barely said anything
(26:41 / All) fabiorb: lol yea
(26:43 / All) TheJew: you neve shut the fuck up
(26:44 / All) fabiorb: sure
(27:10 / Allies) iamnoobkillme: gold 300?
(27:20 / All) PauperIsKing: BATS GOOD
(27:23 / All) PauperIsKing: YOU SKILLED
(27:38 / Allies) iamnoobkillme: gold for hero
(29:23 / All) fabiorb: HAHAHAHAA
(29:26 / All) fabiorb: ORANGE IS SUCH A BITCH
(29:29 / All) fabiorb: I STARTED EXPOING AGAIN
(29:32 / All) fabiorb: HE TPED JUST TO KILL ME
(29:33 / All) fabiorb: HAHAHAHAHAHA
(29:36 / All) fabiorb: NO SRSLY DUDE
(29:40 / All) fabiorb: CONGRATULATIONS
(29:44 / All) fabiorb: PRIZE FOR THE BITCHIEST PLAYER EVER
(29:49 / All) fabiorb: I CANT BELIEVE THAT
(29:50 / All) fabiorb: HAHAHAHA
(29:59 / All) fabiorb: hey, now he's attacking re
(29:59 / All) fabiorb: red
(30:04 / All) fabiorb: guys
(30:07 / All) fabiorb: just listen
(30:11 / All) fabiorb: if u get oj in ur team
(30:13 / All) fabiorb: tk right away
(30:15 / All) TheJew: see what I mean?
(30:15 / All) fabiorb: it'll spare u time
(30:19 / All) TheJew: Teal never shuts the fuck up lol
(30:19 / All) fabiorb: red
(30:22 / All) fabiorb: isnt he tking u?
(30:36 / All) fabiorb: he's going for pink now
(30:48 / All) fabiorb: let me tell u
(30:51 / All) fabiorb: u can attack his expoes
(30:58 / All) TheJew: why would they want to attack a tker
(30:58 / All) fabiorb: he's not there
(31:02 / All) TheJew: I'm helping them dude
(31:07 / All) fabiorb: because they have to win
(31:09 / All) fabiorb: retarded
(31:09 / All) TheJew: also I have mass tp
(31:13 / All) TheJew: I CAN BE ANYWHERE, ANYTIME
(31:19 / All) TheJew: Well I want you to lose, retard
(31:22 / All) fabiorb: OMG HE'S GOD!!!!!!!!!!!!!!!!!!
(31:24 / All) fabiorb: WATCH OUT
(31:25 / All) TheJew: in case you didn't notice why I am killing our whole team
(31:27 / All) fabiorb: OJ IS GOD!!!!!!!!!!!!!!!!!!!!!!!!!!!!!!
(31:35 / All) fabiorb: HE'S COMING FOR U!!!!!!!!!!
(31:37 / Allies) PauperIsKing: wheres your dh
(31:42 / All) TheJew: I hardly eve see bitches as bitchy as teal
(31:47 / All) TheJew: this is one bitchy slut
(31:50 / All) fabiorb: lol u tked 3 teammates
(31:52 / All) fabiorb: and im the bitch
(31:58 / All) TheJew: yeah you are my bitch
(32:01 / All) fabiorb: nah
(32:08 / All) fabiorb: if u had balls between ur legs, maybe
(32:11 / All) fabiorb: but that's not the case
(32:15 / All) fabiorb: you have a pussy
(32:17 / All) fabiorb: just like u r
(32:20 / All) fabiorb: a whiny pussy bitch
(32:27 / All) fabiorb: i bet u r gonna tell ur mom
(32:29 / All) fabiorb: how evil u were
(32:35 / All) fabiorb: destroying ur teammates because they didnt help
(32:37 / All) fabiorb: !!!!!!!!!!!!!!!!!!
(33:00 / All) TheJew: I think teal is on his period
(33:13 / All) TheJew: and is going nuts from being tked
(33:22 / All) TheJew: he's having some serious moodswings and shit right now
(33:25 / All) TheJew: bleeding from his pussy
(34:05 / All) fabiorb: red is tking oj now
(34:07 / All) fabiorb: and that's fair
(34:11 / All) fabiorb: remember this
(34:11 / All) TheJew: Yeah it is
(34:14 / All) fabiorb: orange tked all the team
(34:14 / All) PauperIsKing: failing at it
(34:16 / All) PauperIsKing: lol
(36:19 / All) fabiorb: orange is bottom right
(36:23 / All) fabiorb: near expo
(36:26 / All) fabiorb: if u want to kill him quick
(36:27 / All) PauperIsKing: cool
(36:54 / All) Tterb: his name is jew for a reason i guess
(36:58 / All) fabiorb: yes
(37:01 / All) fabiorb: greedy
(37:04 / All) fabiorb: whiny bitch
(37:08 / All) Tterb: hes gotta ruien it for everyone
(37:11 / All) fabiorb: yea
(37:21 / All) PauperIsKing: you're abunch of baby back bitches
(37:25 / All) PauperIsKing: I won this game fair and square
(37:27 / All) PauperIsKing: just leave
(37:31 / All) fabiorb: no u didnt
(37:33 / All) fabiorb: oj tked
(37:36 / All) fabiorb: that's why u won
(37:38 / All) fabiorb: we were gonna win
(37:41 / All) PauperIsKing: I won fair and square
(37:43 / All) PauperIsKing: get over it and leave
(37:48 / All) PauperIsKing: bat babies
(37:53 / All) PauperIsKing: blue suicided so it's fair
(37:54 / All) PauperIsKing: get out
(37:57 / All) Tterb: oh oj prolly your buddy had to help you win
(37:58 / All) PauperIsKing: and stop your whining homos
(38:02 / All) fabiorb: yea
(38:04 / All) Tterb: cause that how bad oyu are
(38:07 / All) fabiorb: yes
(38:10 / All) fabiorb: oj had to help u
(38:14 / All) PauperIsKing: red is terribuhl
(38:15 / All) fabiorb: tking all 3 teammates
(38:16 / All) TheJew: yeah I'm sure yellow's level 1 0-0 ass wants wins real bad
(38:17 / All) Tterb: yeah yellow your bad
(38:18 / All) PauperIsKing: can't even bat good lol
(38:23 / All) Tterb: your ass was wrecked
(38:24 / All) PauperIsKing: can't even bat with vision vs dhawks
(38:26 / All) fabiorb: yellow and oj suck
(38:26 / All) PauperIsKing: pretty bad
(38:40 / All) Tterb: lol you both are bad just deal with it
(38:44 / All) fabiorb: yea
(38:48 / All) PauperIsKing: 50-60 LOL
(38:51 / All) PauperIsKing: damn you suck
(38:57 / All) fabiorb: well bye
(38:59 / All) PauperIsKing: you gotta have rocks for brains to get a rec that bad
(39:03 / All) fabiorb: i hope the jew fucking dies
(39:05 / All) Tterb: cause of jews like oj and you
(39:06 / All) TheJew: out bitch ass whiny noob lol
(39:08 / All) fabiorb: chokes with his lover's dick
(39:11 / All) TheJew: Teal you are my bitch
(39:13 / All) fabiorb: and cum
(39:14 / All) TheJew: Never forget that
(39:15 / All) fabiorb: LOL
(39:17 / All) PauperIsKing: lol
(39:18 / All) TheJew: little whiny gay boy
(39:19 / All) fabiorb: u got no balls
(39:22 / All) fabiorb: i cant be ur bitch
(39:22 / All) PauperIsKing: you get just as many free wins as losses, pussy
(39:24 / All) fabiorb: u r the bitch
(39:39 / All) TheJew: bitchy noob lol
(39:45 / All) Tterb: see thats how dumb you are yellow
(39:45 / All) fabiorb: yea go tell ur mom u won
(39:51 / All) Tterb: your a idiot
(39:52 / All) PauperIsKing: I did
(39:56 / All) PauperIsKing: and she said she was proud of me
(40:04 / All) fabiorb: i was talking about orange
(40:05 / All) PauperIsKing: my mom is very supportive
(40:13 / All) PauperIsKing: I siad I won fair and squre
(40:15 / All) PauperIsKing: cuz I did
(40:20 / All) TheJew: purp
(40:25 / All) TheJew: if you hit the dots near your minimap
(40:27 / All) TheJew: u move faster
(40:33 / All) Tterb: lol oj going to get you bitch boy
(41:32 / All) fabiorb: unless oj destroys himself
(41:36 / All) fabiorb: ill get the free win
(41:47 / All) TheJew: Will do, buddy
(42:03 / All) fabiorb: i bet ur mom wanted to abort u
(42:20 / All) fabiorb: when they circumsized you, i bet they couldnt find ur dick
(42:22 / All) fabiorb: cuz it was too small
(42:26 / All) fabiorb: so they cut off ur balls instead
(42:30 / All) fabiorb: that's why u r such a bitch today
(42:34 / All) TheJew: I have 7" of uncircumcised dick
(42:53 / All) TheJew: I think teal is a closet homo
(43:01 / All) fabiorb: LOL u got a .1 mm dick
(43:16 / All) TheJew: nah, I've measured
(43:17 / All) fabiorb: u r the one sucking dicks here, man
(43:21 / All) fabiorb: oh, u measured
(43:24 / All) fabiorb: u r so insecure
(43:26 / All) fabiorb: u measured
(43:28 / All) fabiorb: ok
(43:35 / All) fabiorb: u needed a magnifying glass i suppose
(43:41 / All) TheJew: lol
(43:44 / All) fabiorb: and a nanometer ruler
(43:57 / All) TheJew: this guy is so fucking mad
(44:03 / All) fabiorb: ur dildo is 7 inches
(44:06 / All) fabiorb: u r mixing it up man
(44:13 / All) fabiorb: oh no, that's ur mom's
(44:16 / All) fabiorb: urs is 10
(44:40 / All) TheJew: I'm sure you know all about dildos teal
(44:46 / All) TheJew: you seem like someone who would use them a lot
(45:07 / All) fabiorb: of course
(45:10 / All) fabiorb: i sell them to ur sis
(45:13 / All) fabiorb: that skank
(45:23 / All) fabiorb: loves some missiles
(45:45 / All) PauperIsKing: batty boy
(45:56 / All) TheJew: Teal is such a little bitch lol
(46:08 / All) olympicman: i was killing yopur ass yellow
(46:48 / All) olympicman: go mkill him oj
(46:57 / All) fabiorb: oj cant answer to my offenses
(47:00 / All) fabiorb: he's too dumb
(47:04 / All) fabiorb: so he keeps saying
(47:11 / All) fabiorb: "uuuh u r a bitch"
(47:17 / All) fabiorb: i think his little dick triggers him
(47:23 / All) fabiorb: plus his mom and sis
(47:25 / All) fabiorb: dildo's
(47:41 / All) fabiorb: yellow
(47:44 / All) fabiorb: why havent u finished
(47:47 / All) TheJew: I don't think anyone would see you and think you are very bright, teal lol
(47:53 / All) PauperIsKing: there goes the neighborhood
(47:59 / All) fabiorb: oh, only the smart recognize smart people
(48:02 / All) fabiorb: clearly not ur case, oj
(48:05 / All) fabiorb: u r just too dumb
(48:07 / All) fabiorb: to answer
(48:10 / All) TheJew: Time for you three to lose
(48:17 / All) fabiorb: oh finally
(48:18 / All) TheJew: since purple left
(48:21 / All) fabiorb: also, make us a favor
(48:26 / All) fabiorb: and destroy urself in real life too
(48:27 / All) PauperIsKing: WOOHOO
(48:29 / All) PauperIsKing: I WIN
(48:32 / All) PauperIsKing: YEAAAAH
(48:43 / All) TheJew: Teal thinks he's smart LOL
(48:53 / All) TheJew: I've hardly ever seen someone dumber in this game
(48:55 / All) olympicman: since yellow and oj controled by same person
(49:21 / All) PauperIsKing: I AM ORANGE
(49:24 / All) TheJew: I AM YELLOW
(49:34 / All) fabiorb: orange
(49:37 / All) TheJew: My other account wins now
(49:38 / All) TheJew: WOO HOO
(49:38 / All) fabiorb: answer to my offenses
(49:45 / All) fabiorb: u r just too dumb
(49:48 / All) olympicman: both pussys
(49:52 / All) PauperIsKing: WOOOOOOOOOOOOOOOOO NATURE BOY
(49:59 / All) fabiorb: orange cant answer to my offenses
(50:01 / All) fabiorb: too retarded
(50:02 / All) fabiorb: too inferior
(50:10 / All) fabiorb: dick jokes trigger him
(50:10 / All) TheJew: "your offenses"
(50:13 / All) fabiorb: because he has small dick
(50:16 / All) fabiorb: and no balls
(50:30 / All) TheJew: Teal what's your IQ
(50:34 / All) fabiorb: see?
(50:36 / All) fabiorb: he cant answer
(50:39 / All) fabiorb: he's triggered
(50:46 / All) fabiorb: daddy issues i bet
(50:47 / All) TheJew: #TRIGGERED
(50:50 / All) fabiorb: exactly
(50:51 / All) TheJew: Teal what's your iq
(50:52 / All) fabiorb: that's you
(50:53 / All) Tterb: oj yours is low
(50:57 / All) fabiorb: HAHAHAAHAH
(50:59 / All) Tterb: i mean look what your doing
(50:59 / All) fabiorb: yes
(51:00 / All) fabiorb: Very
(51:04 / All) fabiorb: orange is completely retarded
(51:10 / All) fabiorb: he has a napoleon complex
(51:11 / All) Tterb: clear your not to bright
(51:13 / All) TheJew: I'm asking about teal's
(51:14 / All) fabiorb: he probably doesnt know what's that
(51:32 / All) fabiorb: any phrase with more than 3 words is too much for poor orange
(51:32 / All) TheJew: I think you are the short one
(51:37 / All) TheJew: since you are a little bitch
(51:48 / All) fabiorb: i dare you not to use bitch when talking
(51:49 / All) fabiorb: like
(51:51 / All) fabiorb: impossible
(51:54 / All) fabiorb: he's too stupid
(51:55 / All) TheJew: You're mad over nothing
(51:59 / All) fabiorb: im not mad
(51:59 / All) Tterb: lol
(52:01 / All) fabiorb: im having fun
(52:01 / All) TheJew: probably making up for your height
(52:04 / All) fabiorb: over a poor retarded
(52:09 / All) TheJew: are you having fun teal?
(52:09 / All) fabiorb: that cant answer me
(52:12 / All) fabiorb: oh yea
(52:13 / All) TheJew: what have you enjoyed about this game
(52:15 / All) Tterb: i just think its funny that you can waste your time and everyone elses
(52:24 / All) fabiorb: you make my self esteem higher
(52:27 / All) fabiorb: orange
(52:28 / All) TheJew: I'm enjoying listening to your babbling
(52:32 / All) Tterb: so high
(52:34 / All) fabiorb: when i look like a piece of shit like u
(52:38 / All) TheJew: I'm sure it needs the boost
(52:40 / All) fabiorb: makes my self esteem higher
(52:47 / All) fabiorb: of course it does
(52:51 / All) fabiorb: looking at ur mom is terrible
(52:56 / All) fabiorb: i need something to make me bettert
(52:57 / All) TheJew: doubt your mom gave you many compliments when you were in high school bitch
(52:58 / All) fabiorb: better
(53:02 / All) olympicman: hurry up oj
(53:04 / All) fabiorb: oh, mom's dead
(53:10 / All) fabiorb: so no compliments there
(53:13 / All) fabiorb: you, on the other hand
(53:14 / All) Tterb: really just lose it already moron
(53:17 / All) fabiorb: i bet ur mom gives u a bj
(53:20 / All) TheJew: no rush I'm enjoying listening to teal ramble
(53:21 / All) fabiorb: everytime u win
(53:26 / All) fabiorb: that's why u wanna lose
(53:27 / All) TheJew: I might go to the corner store with my last building alive
(53:29 / All) fabiorb: isnt it oj
(53:32 / All) TheJew: before it's midnight, to get some shit
(53:37 / All) Tterb: yellow come help him kill himself please
(53:46 / All) fabiorb: ""store""
(53:48 / All) Tterb: top left corner of map
(53:49 / All) fabiorb: aka bj from his mom
(53:53 / All) fabiorb: cmon oj, dont lie
(53:55 / All) Tterb: and mid laft on map
(53:57 / All) fabiorb: we all know ur mom gives u head
(54:00 / All) Tterb: theres your spots
(54:04 / All) Tterb: now go kill him
(54:08 / All) TheJew: Teal is some kind of sexual deviant pervert
(54:18 / All) TheJew: he's preverted, can't get his mind off of sex with mothers, sisters
(54:24 / All) TheJew: off of cum, cocks, etc, homo faggot
(54:47 / All) fabiorb: oh yea
(54:51 / All) fabiorb: cant get ur mom out of my head
(54:55 / All) fabiorb: and she doesnt get her mouth off mine
(55:02 / All) fabiorb: yo yellow
(55:05 / All) fabiorb: he has an expo
(55:12 / All) fabiorb: to the west
(55:18 / All) fabiorb: a barracks in the top right corner
(55:20 / All) fabiorb: go for it
(55:38 / All) TheJew: Teal is really something else
(55:47 / All) TheJew: really exceptional but not the good kind of exception
(56:05 / All) TheJew: in the exceptional students he'd be one of the retards mixed in with the smart kids to make them feel better
(56:07 / All) fabiorb: coming from u
(56:11 / All) fabiorb: that's a compliment
(56:14 / All) TheJew: since they are both "exceptional"\
(56:15 / All) fabiorb: well
(56:19 / All) fabiorb: u r not even in school
(56:21 / All) fabiorb: i bet
(56:26 / All) fabiorb: ur mom just homeschools u
(56:30 / All) TheJew: nope, graduated years ago
(56:33 / All) fabiorb: by fucking u all the night
(56:36 / All) fabiorb: oh, from what?
(56:37 / All) olympicman: hurry up
(56:39 / All) fabiorb: being a dickhead?
(56:41 / All) olympicman: hurry up
(56:43 / All) fabiorb: i bet that's it
(56:47 / All) olympicman: hurry up
(56:48 / All) olympicman: p
(56:49 / All) olympicman: p
(56:49 / All) olympicman: p
(56:50 / All) olympicman: p
(56:50 / All) fabiorb: i bet u graduated as a doctor
(56:50 / All) TheJew: nice one, pal
(56:51 / All) olympicman: p
(56:51 / All) olympicman: p
(56:52 / All) olympicman: p
(56:52 / All) olympicman: p
(56:53 / All) olympicman: p
(56:53 / All) olympicman: p
(56:54 / All) olympicman: p
(56:54 / All) olympicman: p
(56:55 / All) olympicman: hj
(56:55 / All) olympicman: kl
(56:56 / All) olympicman: gt
(56:56 / All) olympicman: yui
(56:56 / All) fabiorb: so u could touch men
(56:57 / All) olympicman: tyu
(56:57 / All) olympicman: tyu
(56:58 / All) olympicman: ty
(56:58 / All) olympicman: uy
(56:59 / All) olympicman: dghu
(57:00 / All) olympicman: gfu
(57:00 / All) olympicman: teryum
(57:01 / All) olympicman: yteum
(57:01 / All) olympicman: tyr
(57:02 / All) olympicman: r u
(57:02 / All) fabiorb: to make up for ur daddy issues
(57:03 / All) olympicman: tyu
(57:03 / All) olympicman: ty
(57:04 / All) olympicman: ru
(57:05 / All) olympicman: e
(57:16 / All) TheJew: and working on being self sufficient
(57:20 / All) fabiorb: oh yea
(57:21 / All) TheJew: getting my own farm and doing everything myself
(57:22 / All) fabiorb: eating ur own shit
(57:25 / All) TheJew: what are you doing with your life
(57:29 / All) fabiorb: and drinking ur piss
(57:35 / All) fabiorb: that's ur self-suficient
(57:37 / All) TheJew: I have a toilet, thank you
(57:41 / All) fabiorb: yes, ur own mouth
(57:42 / All) fabiorb: obv
(57:43 / All) TheJew: I pour buckets of water down it to flush it
(57:48 / All) TheJew: Half a bucket of water is enough to flush
(57:52 / All) fabiorb: your mouth?
(57:55 / All) fabiorb: i think u need more
(57:57 / All) fabiorb: like
(57:58 / All) fabiorb: the ocean
(58:05 / All) TheJew: this prevert is a piss fetishist too
(58:07 / All) fabiorb: so
(58:12 / All) fabiorb: u were so retarded in school
(58:18 / All) fabiorb: that u were isolated in the mountain?
(58:20 / All) fabiorb: holy shit
(58:24 / All) TheJew: no
(58:27 / All) fabiorb: u must have been those kids that thought they were big shit
(58:27 / All) TheJew: I'm not from here
(58:30 / All) fabiorb: but then
(58:34 / All) fabiorb: u were the lowest
(58:40 / All) fabiorb: and just decided to live a more natural life
(58:43 / All) fabiorb: separate from smart ppl
(58:47 / All) fabiorb: cuz they owned u
(58:50 / All) fabiorb: like i am right now
(58:50 / All) TheJew: lol
(58:56 / All) TheJew: how are you owning me right now
(58:57 / All) fabiorb: when u find adversity, you just panic
(58:58 / All) TheJew: I think I'm in control and ownt you
(58:58 / All) fabiorb: true
(59:01 / All) fabiorb: life owned u already
(59:01 / All) TheJew: not the other way around
(59:03 / All) fabiorb: i dont have to
(59:08 / All) fabiorb: this is just a small prize for u
(59:13 / All) fabiorb: controlling someone in a game
(59:17 / All) TheJew: Adversity is good for you, it's why I live in the country and do eveything myself
(59:20 / All) fabiorb: because u cant control shit in ur life
(59:26 / All) TheJew: rather than be some city slicker pussy who needs everything done for him
(59:29 / All) TheJew: you limp wristed faggot lol
(59:33 / All) TheJew: how old are you teal
(59:33 / All) fabiorb: oooh
(59:36 / All) fabiorb: so
(59:39 / All) fabiorb: you didnt fit in society
(59:41 / All) fabiorb: cuz u sucked
(59:42 / All) TheJew: Teal where are you from
(59:43 / All) fabiorb: at everything
(59:45 / All) fabiorb: and then isolated urself
(59:53 / All) fabiorb: so you """did everything by urself"""
(59:55 / All) fabiorb: what a pussy
(59:57 / All) TheJew: I'm not isolated, I'm staying with a buddy in the Appalachians
(60:00 / All) fabiorb: i bet ur colleagues are rich now
(60:06 / All) fabiorb: and successful
(60:09 / All) fabiorb: u r just in a mountain
(60:14 / All) fabiorb: fapping to rat porn
(60:19 / All) fabiorb: shitting in the woods
(60:21 / All) TheJew: I do have a rich side of my family but I don't really speak to them
(60:23 / All) PauperIsKing: Are you suggesting that rats aren't hot?
(60:23 / All) TheJew: how about you teal
(60:24 / All) fabiorb: while ur friends got money
(60:40 / All) fabiorb: well, if u r talking about orange, then defo not, yellow
(60:40 / All) TheJew: I'm pretty good for cash too
(60:42 / All) PauperIsKing: rat furries are the hottest babes in the wordl
(60:51 / All) TheJew: I don't really need much since I'm not very dependent
(61:00 / All) fabiorb: u r a hipster
(61:02 / All) fabiorb: i see
(61:07 / All) fabiorb: faps to trees
(61:09 / All) PauperIsKing: I like to groom a mustache
(61:17 / All) PauperIsKing: to help me mack on the rat furry babes
(61:22 / All) TheJew: have you never shit in the woods teal
(61:24 / All) PauperIsKing: fox furries are pretty hot too
(61:24 / All) fabiorb: what kind of rat yellow
(61:34 / All) PauperIsKing: I'm not prejudiced
(61:35 / All) fabiorb: yea, in ur mom's woods oj, aka her pubes
(61:36 / All) TheJew: have you never gone hiking or camping or anything
(61:43 / All) TheJew: Lots of people shit in the woods
(61:45 / All) fabiorb: oh wow
(61:49 / All) fabiorb: oj is so interested in my life
(61:52 / All) fabiorb: surely he wants something more
(61:54 / All) fabiorb: what a faggot
(61:57 / All) fabiorb: well. im off
(62:02 / All) TheJew: I just tink you're funny lol
(62:03 / All) fabiorb: have a nice life living in shit oj
(62:05 / All) TheJew: hahaha, little bitch!
(62:11 / All) PauperIsKing: you can go to India for that
(62:13 / All) TheJew: have a nice life doing nothing teal!!!
(62:16 / All) fabiorb: i hope some bear comes and eats ur balls
(62:17 / All) PauperIsKing: they shit on the streets there
(62:18 / All) fabiorb: oh wait
(62:20 / All) fabiorb: u dont have it
(62:25 / All) PauperIsKing: india is a paradise of scat porn
(62:35 / All) fabiorb: have u ever been to india yellow
(62:41 / All) PauperIsKing: No way
(62:43 / All) TheJew: Teal are you indian?
(62:45 / All) PauperIsKing: I'm not into that
(62:48 / All) PauperIsKing: Just furries, man
(62:52 / All) fabiorb: only shit there yellow
(62:53 / All) fabiorb: dont go
(62:59 / All) fabiorb: people shit in the ganges
(63:04 / All) fabiorb: and then drink it
(63:09 / All) fabiorb: sounds like oj's doing
(63:10 / All) fabiorb: well
(63:11 / All) fabiorb: im off
(63:14 / All) PauperIsKing: digging holes is too techy for them
(63:14 / All) TheJew: I gotta go in about 15 mins to the store before it's too late
(63:15 / All) fabiorb: cya bitches
(63:19 / All) TheJew: cya bitch boy
(63:31 / All) fabiorb: hope u can grow balls some day oj
(63:35 / All) TheJew: lol
(63:36 / All) Tterb: lol oj just me and you
(63:43 / All) Tterb: no kill him
(63:44 / All) TheJew: Time for you to lose, you aren't funny like teal
(63:45 / All) PauperIsKing: I win
(63:46 / All) Tterb: he left
(63:47 / All) PauperIsKing: I earned it
(63:51 / All) TheJew: you are pretty forgettable actually
(63:58 / All) PauperIsKing: He's crummy with bats lol
(64:01 / All) TheJew: Nice
(64:06 / All) TheJew: this game worked out perfectly
(64:09 / All) TheJew: great chat
(64:10 / All) PauperIsKing: you team lose
(64:19 / All) PauperIsKing: they were batty boys